 Dungeon Crawl Stone Soup version 0.30-a0-739-gea05faddec (webtiles) character file.

Game seed: 205660184267174002

1 Esekla the Sneak (level 1, 0/16 HPs)
             Began as an Octopode Delver on Feb 4, 2023.
             Was an Initiate of Gozag.
             Slain by a black bear (3 damage)
             ... on level 5 of the Dungeon.
             The game lasted 00:02:17 (153 turns).

Esekla the Sneak (Octopode Delver)                   Turns: 153, Time: 00:02:17

Health: 0/16       AC:  1    Str: 11    XL:     1   Next: 20%
Magic:  1/1        EV: 13    Int: 12    God:    Gozag
Gold:   10         SH:  0    Dex: 13    Spells: 0/0 levels left

rFire   . . .      SeeInvis .    a - +0 falchion
rCold   . . .      Faith    .    (no shield)
rNeg    . . .      Spirit   .    (helmet restricted)
rPois   .          Reflect  .    (no amulet)
rElec   .          Harm     .    (no ring)
rCorr   .          Rampage  .    (no ring)
Will    .....                    (no ring)
Stlth   ++++                     (no ring)
HPRegen 0.22/turn                (no ring)
MPRegen 0.07/turn                (no ring)
                                 (no ring)
                                 (no ring)

@: gold aura, hasted, very quick
A: almost no armour, amphibious, 8 rings, camouflage 1, gelatinous body 1,
(nimble swimmer 1), tentacles
a: Renounce Religion, Potion Petition, Call Merchant, Bribe Branch


You were on level 5 of the Dungeon.
You worshipped Gozag.
Gozag was noncommittal.
You visited 1 branch of the dungeon, and saw 1 of its levels.

You collected 17 gold pieces.
You paid 7 gold pieces to Gozag.

Inventory:

Hand Weapons
 a - a +0 falchion (weapon)
Wands
 f - a wand of digging (3)
Scrolls
 b - a scroll of fog
 c - a scroll of magic mapping
 h - 2 scrolls of identify {unknown}
Potions
 g - a potion of ambrosia {unknown}


   Skills:
 * Level 3.0 Fighting
 * Level 2.0 Long Blades
 * Level 2.0 Dodging
 + Level 6.6 Stealth


You couldn't memorise any spells.
You didn't know any spells.
Your spell library was empty.

Dungeon Overview and Level Annotations

Branches:
Dungeon (5/15)
 Temple: D:4-7

Altars:
Gozag

Shops:
D:5 *


Innate Abilities, Weirdness & Mutations

You cannot wear most types of armour.
You are amphibious.
You can wear up to eight rings at the same time.
Your skin changes colour to match your surroundings (Stealth+).
Your rubbery body absorbs attacks. (AC +1, EV +1)
((You are camouflaged when in or above water. (Stealth+)))
You have tentacles for arms and can constrict up to eight enemies at once.


Message History

The giant cockroach closely misses you.
Something unseen opens the door.
You close the door.
You constrict the giant cockroach.
You kill the giant cockroach!
The quokka bites you.
Something unseen opens the door.
The black bear attacks as you move away!
The black bear bites you! The black bear misses you.
The black bear claws you but does no damage.
The quokka splashes around in the water.
Okay, then.
You feel yourself speed up.
The quokka is distracted by your dazzling golden aura.
As you open the door, it creaks loudly! The black bear completely misses you.
The black bear claws you. The black bear barely misses you.
There is an open door here.
You hit the black bear but do no damage.
Your grab misses the black bear. You squeeze the black bear.
The black bear is lightly wounded.
You hit the black bear. You grab the black bear.
You squeeze the black bear, but do no damage.
The black bear is lightly wounded.
You constrict the black bear. The black bear closely misses you.
The black bear claws you. The black bear barely misses you.
You hit the black bear. You squeeze the black bear.
The black bear is moderately wounded.
You constrict the black bear, but do no damage.
You hit the black bear.
The black bear is moderately wounded.
You hear the slow rusting of a drain very nearby.
You constrict the black bear. The black bear bites you.
* * * LOW HITPOINT WARNING * * *
The black bear completely misses you. The black bear claws you.
* * * LOW HITPOINT WARNING * * *
You hit the black bear.
The black bear is heavily wounded.
You constrict the black bear.
The quokka is no longer distracted by gold.
The black bear bites you.
You die...
Your body crumbles into a pile of gold.

****,,,,,,,,* **#########.
,,,,,,,,,,,,* #. ,,,,,,,,,,,,* #.
,,,,,,,,,,,,* #. ,,,,,,,,,,,,*
###### #.
,,,,,,,,,,,,**##....#******* #.
,,,,,,,,,,,,+,,.....,,,,,,,* #.
****,,,,,,,,**##..####,***,* ##
********** #?@##~~###~*,* #
#.#hrr~~~+∩*,* **#
#.#or~~~~+~*,****,,
#.'##~~###~*,,**,,, ************
##..####.###..#*h.. ,,,,,,,,,,,*
##...........##...
,,,,,,,,,,,***###..o...#.........
,,,,,,,,,,,,,....h.....#**...<...
,,,,,,,,,,,,...........###.......


You could see a black bear, an orc, a quokka and 2 rats.

Vanquished Creatures
  A giant cockroach (D:5)
1 creature vanquished.

Notes
Turn   | Place    | Note
-------+----------+-------------------------------------------
     0 | D:5      | Esekla the Octopode Delver began the quest for the Orb.
     0 | D:5      | Reached XP level 1. HP: 16/16 MP: 1/1
    35 | D:5      | Noticed an iguana
    94 | D:5      | Found an opulent altar of Gozag.
    94 | D:5      | Found Gozag's Platinum Reserve.
   102 | D:5      | Became a worshipper of Gozag Ym Sagoz the Greedy
   109 | D:5      | Noticed a hound
   130 | D:5      | Noticed a black bear
   134 | D:5      | Noticed a black bear
   153 | D:5      | Slain by a black bear

Illustrated notes

Levels and vault maps discovered:
D:5:      layout_basic, nicolae_gozag_zags_fifth_avenue, gup_sewer_entry_bowl,
          hangedman_decor_riveting, wad_floor_pattern_1

Action                     || total
---------------------------++-------
  Melee: Falchion          ||     7
         Constrict         ||     3
         Tentacles         ||     3
         Punch             ||     1
    Use: Scroll            ||     2
         Potion            ||     1
 Armour: Skin              ||     1
  Dodge: Dodged            ||     7

Table legend: (Time is in decaauts)
 A = Elapsed time spent in this place.
 B = Non-inter-level travel time spent in this place.
 C = Inter-level travel time spent in this place.
 D = Time resting spent in this place.
 E = Time spent auto-exploring this place.
 F = Levels seen in this place.
 G = Mean time per level.
                   A        B        C        D        E       F      G
               +--------+--------+--------+--------+--------+-----+--------+
         Total |    151 |    151 |      0 |      0 |      0 |   1 |  151.0 |
       Dungeon |    151 |    151 |      0 |      0 |      0 |   1 |  151.0 |
               +--------+--------+--------+--------+--------+-----+--------+

Top non-repeatable levels by time:
     D:5: 151 daAuts
